AoeStats
← 給你舒服

Black Forest

509875839Analyzed
4v4 RM · 2d ago on Sep 28, 2026· 50m 37s· 8 players
Game mode
Random Map
Map size
Large (8 player)
Population
200
Speed
Normal
Resources
Standard
Victory
Conquest
Starting age
Dark Age
Ending age
Imperial Age
RankedLock teamsTeams togetherTeam positionsShared explorationLock speedFull tech treeHidden civsTurbo modeCheats
Victory
Defeat
🇩🇪 Turks · Germany
1112
+12
🇨🇴 Ethiopians · Colombia
1024
+16
🇹🇼 Persians · Taiwan
1016
+16
🇨🇿 Dravidians · Czechia
1010
+17
🇹🇼 Danes · Taiwan
1091
-18
🇭🇰 Celts · Hong Kong SAR China
1031
-16
🇹🇼 Varangians · Taiwan
1003
-14
🇹🇼 Turks · Taiwan
978
-13
WilliamWei
5:37 Loom
11:44 Feudal Age
16:01 Castle Age
13:59 Double-Bit Axe
14:35 Horse Collar
17:17 Bow Saw
22:44 Wheelbarrow
24:01 Fletching
24:58 Padded Archer Armor
25:00 Husbandry
26:43 Bodkin Arrow
27:06 Bloodlines
27:04 Thumb Ring
27:45 Ballistics
28:37 Hand Cart
28:16 Gold Mining
28:54 Leather Archer Armor
32:34 Imperial Age
30:17 Elite Skirmisher
33:18 Bracer
32:42 Cranequins
32:49 Heavy Mounted Crossbowman
34:51 Onager
38:47 Ring Archer Armor
39:30 Chemistry
39:04 Onager
羊咩
12:06 Feudal Age
17:07 Castle Age
16:54 Wheelbarrow
16:05 Double-Bit Axe
20:44 Bow Saw
23:27 Horse Collar
24:03 Fletching
25:18 Hand Cart
25:07 Loom
26:13 Heavy Plow
26:57 Coinage
28:20 Husbandry
28:30 Bloodlines
29:07 Gold Mining
32:53 Imperial Age
31:45 Forging
31:40 Scale Barding Armor
32:12 Vendel Legacy
36:02 Iron Casting
35:24 Bodkin Arrow
35:48 Padded Archer Armor
37:26 Conscription
37:16 Cavalier
40:15 Squires
42:13 Light Cavalry
44:08 Hussar
46:33 Elite Skirmisher
48:21 Blast Furnace
47:22 Padded Archer Armor
brain888hk
0:29 Loom
13:26 Feudal Age
14:31 Double-Bit Axe
14:29 Horse Collar
15:02 Man-at-Arms
15:28 Arson
16:24 Forging
19:38 Scale Mail Armor
23:18 Castle Age
21:14 Gold Mining
21:32 Stone Mining
22:45 Wheelbarrow
24:26 Bow Saw
25:41 Gambesons
25:17 Long Swordsman
26:20 Pikeman
30:16 Heavy Plow
31:20 Chain Mail Armor
31:41 Iron Casting
31:31 Fortified Wall
33:32 Ballistics
33:24 Masonry
38:23 Imperial Age
36:28 Hand Cart
35:59 Town Watch
36:40 Fervor
36:54 Sanctity
38:48 Guard Tower
38:53 Murder Holes
39:27 Onager
41:26 Chemistry
40:40 Halberdier
41:36 Siege Engineers
46:34 Conscription
46:24 Furor Celtica
拉豬武士
0:34 Loom
14:20 Feudal Age
19:01 Castle Age
23:25 Imperial Age
20:58 Horse Collar
21:22 Double-Bit Axe
24:48 Wheelbarrow
29:45 Gold Mining
33:32 Padded Archer Armor
38:22 Bloodlines
Jan_Rui
12:21 Feudal Age
13:43 Wheelbarrow
13:26 Horse Collar
13:33 Double-Bit Axe
16:48 Castle Age
31:09 Imperial Age
28:55 Hand Cart
28:26 Town Watch
28:26 Loom
30:59 Gold Mining
31:01 Stone Mining
31:13 Onager
32:58 Chemistry
32:03 Siege Engineers
35:16 Bow Saw
35:45 Gold Shaft Mining
35:47 Stone Shaft Mining
36:09 Heavy Scorpion
37:22 Torsion Engines
37:43 Conscription
38:45 Siege Onager
40:09 Ballistics
45:43 Two-Man Saw
44:45 Caravan
Armateur
1:00 Loom
13:11 Feudal Age
14:48 Double-Bit Axe
17:27 Castle Age
17:11 Gold Mining
23:15 Imperial Age
21:38 Horse Collar
22:34 Bow Saw
32:07 Stone Mining
32:19 Padded Archer Armor
32:47 Heavy Plow
38:25 Gold Shaft Mining
48:36 Artillery
給你舒服
1:54 Loom
11:30 Feudal Age
12:09 Double-Bit Axe
12:06 Horse Collar
20:24 Castle Age
18:34 Gold Mining
20:27 Fletching
21:13 Bow Saw
23:42 Wheelbarrow
23:50 Kamandaran
24:34 Bloodlines
25:28 Scale Barding Armor
25:53 Bodkin Arrow
26:39 Crossbowman
29:20 Padded Archer Armor
29:33 Forging
31:18 Heavy Plow
32:52 Chain Barding Armor
34:21 Hand Cart
34:20 Thumb Ring
35:27 Iron Casting
35:09 Husbandry
38:10 Imperial Age
36:06 Ballistics
37:54 Town Watch
39:08 Plate Barding Armor
39:23 Elite War Elephant
41:08 Citadels
41:21 Masonry
Deadshot
9:36 Loom
11:41 Feudal Age
13:40 Double-Bit Axe
15:57 Castle Age
13:44 Horse Collar
18:16 Heavy Plow
18:27 Bow Saw
19:05 Wheelbarrow
21:17 Gold Mining
24:20 Stone Mining
28:49 Imperial Age
26:49 Fletching
26:59 Padded Archer Armor
27:26 Bodkin Arrow
28:10 Ballistics
28:07 Husbandry
30:03 Bracer
31:15 Two-Man Saw
32:01 Thumb Ring
32:04 Elite Elephant Archer
35:13 Onager
39:08 Conscription
38:55 Medical Corps
43:53 Leather Archer Armor
43:39 Scale Mail Armor
43:50 Forging
43:45 Scale Barding Armor
44:44 Chemistry
43:55 Masonry
43:40 Murder Holes
44:06 Hand Cart
43:36 Town Watch
47:19 Siege Elephant
Connection lost

Rejoining the realm…

Still unreachable

The connection could not be restored.

Session expired

The server has moved on; the page needs a fresh start.